 Dungeon Crawl Stone Soup version 0.27-a0-1105-g946c659c87 (webtiles) character file.

Game seed: 8560881883392431503

2 siradein the Slasher (level 1, 0/16 HPs)
             Began as a Demonspawn Gladiator on Apr 30, 2021.
             Slain by a goblin
             ... wielding a +0 club
              (2 damage)
             ... on level 1 of the Dungeon.
             The game lasted 00:00:18 (61 turns).

siradein the Slasher (Demonspawn Gladiator)           Turns: 61, Time: 00:00:19

Health: 0/16       AC:  4    Str: 14    XL:     1   Next: 33%
Magic:  1/1        EV: 12    Int:  9    God:
Gold:   0          SH:  0    Dex: 14    Spells: 0/0 levels left

rFire    . . .     SeeInvis .   a - +0 long sword
rCold    . . .     Faith    .   (no shield)
rNeg     . . .     Spirit   .   b - +0 leather armour
rPois    .         Reflect  .   c - +0 helmet
rElec    .         Harm     .   (no cloak)
rCorr    .         Rampage  .   (no gloves)
Will     .....                  (no boots)
Stlth    +.........             (no amulet)
HPRegen  0.05/turn              (no ring)
MPRegen  0.07/turn              (no ring)

@: no status effects
A: no striking features
a: no special abilities


You were on level 1 of the Dungeon.
You visited 1 branch of the dungeon, and saw 1 of its levels.

Inventory:

Hand Weapons
 a - a +0 long sword (weapon)
Missiles
 d - 3 throwing nets (quivered)
Armour
 b - a +0 leather armour (worn)
 c - a +0 helmet (worn)
Scrolls
 e - a scroll of enchant weapon {unknown}


   Skills:
 - Level 2.0 Fighting
 + Level 2.9 Long Blades
 - Level 1.7 Throwing
 - Level 2.6 Dodging


You couldn't memorise any spells.
You didn't know any spells.
Your spell library was empty.

Dungeon Overview and Level Annotations

Branches:
Dungeon (1/15)

Altars:


Message History

The goblin shouts!
The kobold throws a stone.
The stone hits you.
You see here a scroll labelled DUTOFR DEIWAC.
The kobold throws a stone.
The stone misses you.
The kobold throws a stone.
The stone closely misses you.
You barely miss the endoplasm. The endoplasm barely misses you.
You riposte.
You hit the endoplasm but do no damage. You barely miss the endoplasm.
The endoplasm hits you.
The kobold throws a stone.
The stone hits you.
You hit the endoplasm.
The endoplasm is severely wounded.
The endoplasm freezes you.
You are frozen.
The kobold throws a stone.
The stone completely misses you.
The stone hits the endoplasm.
The endoplasm hits you but does no damage.
You barely miss the endoplasm.
The endoplasm is almost dead.
A ball python comes into view.
The endoplasm freezes you.
You are frozen.
The kobold throws a stone.
The stone hits you but does no damage.
The ball python hisses angrily.
You hit the endoplasm.
You kill the endoplasm!
You barely miss the kobold. The goblin barely misses you.
The kobold closely misses you. The goblin hits you with a +0 club.
You closely miss the kobold. The kobold closely misses you.
You riposte.
You hit the kobold.
The kobold is severely wounded.
The goblin closely misses you.
You riposte.
You barely miss the goblin. The kobold hits you with a +0 whip.
You are too injured to fight recklessly!
You are too injured to fight recklessly!
The kobold barely misses you. The kobold closely misses you.
You hit the goblin but do no damage. The goblin hits you with a +0 club.
* * * LOW HITPOINT WARNING * * *
You barely miss the goblin. The goblin closely misses you.
You barely miss the goblin. The goblin hits you with a +0 club.
You die...

#.#####
#.....#####
#.###.#... ..
#.###.#.###..#
#)#..........###
#....?..# ..
#.#.#...# .###.
#......S###......
#.#..#.Kg@...#
#.##.#.#######
#......# ####.###
#.# #


You could see a goblin, a ball python and a kobold.

Vanquished Creatures
  An endoplasm (D:1)
  A kobold (D:1)
2 creatures vanquished.

Notes
Turn   | Place    | Note
-------+----------+-------------------------------------------
     0 | D:1      | siradein the Demonspawn Gladiator began the quest for the
                  | Orb.
     0 | D:1      | Reached XP level 1. HP: 16/16 MP: 1/1
    61 | D:1      | Slain by a goblin

Illustrated notes

Levels and vault maps discovered:
D:1:      dpeg_arrival_fog, layout_loops_cross, item_on_display_a

Action                   || total
-------------------------++-------
Melee: Long sword        ||    12
Armor: Leather armour    ||     2
Dodge: Dodged            ||    17
       Rpst.: Long sword ||     4

Table legend: (Time is in decaauts)
 A = Elapsed time spent in this place.
 B = Non-inter-level travel time spent in this place.
 C = Inter-level travel time spent in this place.
 D = Time resting spent in this place.
 E = Time spent auto-exploring this place.
 F = Levels seen in this place.
 G = Mean time per level.
                   A        B        C        D        E       F      G
               +--------+--------+--------+--------+--------+-----+--------+
         Total |     63 |     63 |      0 |      0 |     31 |   1 |   63.0 |
       Dungeon |     63 |     63 |      0 |      0 |     31 |   1 |   63.0 |
               +--------+--------+--------+--------+--------+-----+--------+

Top non-repeatable levels by time:
     D:1: 63 daAuts
